AoeStats
← 3405514463

Black Forest

504169017Analyzed
4v4 RM · 27d ago on Sep 4, 2026· 73m 33s· 8 players
Game mode
Random Map
Map size
Large (8 player)
Population
200
Speed
Normal
Resources
Standard
Victory
Conquest
Starting age
Dark Age
Ending age
Imperial Age
RankedLock teamsTeams togetherTeam positionsShared explorationLock speedFull tech treeHidden civsTurbo modeCheats
Victory
Defeat
🇹🇼 Persians · Taiwan
1170
+7
🇹🇼 Britons · Taiwan
923
+17
🇨🇳 Burgundians · China
851
+21
🇹🇼 Mongols · Taiwan
850
+21
🇧🇷 Italians · Brazil
1027
-20
🇻🇳 Vikings · Vietnam
983
-18
🇨🇱 Ethiopians · Chile
948
-16
🇱🇹 Goths · Lithuania
857
-12
Jaimelens
11:00 Loom
12:45 Feudal Age
14:08 Double-Bit Axe
14:06 Horse Collar
16:50 Castle Age
18:01 Heavy Plow
18:14 Bow Saw
22:00 Wheelbarrow
25:05 Hand Cart
27:01 Gold Mining
27:04 Stone Mining
27:11 Fletching
27:59 Town Watch
29:50 Gold Shaft Mining
29:57 Stone Shaft Mining
29:22 Bodkin Arrow
29:28 Padded Archer Armor
29:37 Town Patrol
32:47 Imperial Age
30:45 Ballistics
31:50 Leather Archer Armor
32:03 Thumb Ring
31:24 Crossbowman
32:50 Masonry
34:32 Chemistry
33:35 Bracer
34:06 Ring Archer Armor
33:00 Arbalester
36:08 Two-Man Saw
35:22 Forging
35:12 Scale Mail Armor
35:14 Murder Holes
35:50 Architecture
35:25 Siege Engineers
35:49 Conscription
36:13 Caravan
37:45 Torsion Engines
39:19 Iron Casting
39:00 Chain Mail Armor
39:32 Elite Skirmisher
43:35 Blast Furnace
43:06 Plate Mail Armor
galv
12:37 Feudal Age
10:54 Loom
16:42 Castle Age
15:53 Horse Collar
16:01 Double-Bit Axe
19:19 Scale Barding Armor
19:58 Forging
19:54 Husbandry
23:59 Bow Saw
30:59 Town Watch
32:02 Gold Mining
33:28 Heavy Plow
36:35 Wheelbarrow
39:31 Fletching
40:26 Ballistics
41:48 Hand Cart
41:52 Murder Holes
41:42 Treadmill Crane
42:21 Padded Archer Armor
44:36 Light Cavalry
45:55 Hand Cart
48:51 Masonry
49:00 Bloodlines
58:09 Imperial Age
56:02 Stone Mining
57:11 Chain Barding Armor
57:07 Leather Archer Armor
57:55 Silk Road
59:57 Chemistry
59:29 Architecture
60:16 Conscription
60:37 Plate Barding Armor
URL
0:42 Loom
12:48 Feudal Age
13:34 Double-Bit Axe
13:42 Gold Mining
13:42 Stone Mining
14:20 Town Watch
14:41 Horse Collar
18:36 Man-at-Arms
22:39 Castle Age
21:20 Forging
22:55 Scale Mail Armor
22:24 Man-at-Arms
23:22 Squires
22:42 Pikeman
32:22 Wheelbarrow
32:02 Anarchy
34:08 Heavy Plow
37:46 Imperial Age
37:57 Chain Mail Armor
38:17 Iron Casting
37:52 Elite Huskarl
38:54 Conscription
39:26 Crop Rotation
39:10 Bow Saw
41:13 Blast Furnace
41:04 Perfusion
43:12 Halberdier
47:23 Hand Cart
47:08 Town Patrol
47:18 Caravan
47:48 Coinage
49:35 Coinage
53:36 Guilds
53:58 Banking
55:25 Stone Shaft Mining
55:53 Two-Man Saw
55:52 Fervor
56:47 Town Patrol
59:29 Padded Archer Armor
59:19 Fletching
59:35 Scale Barding Armor
Alibaba
0:28 Loom
12:26 Feudal Age
17:59 Castle Age
15:53 Horse Collar
16:05 Double-Bit Axe
16:08 Horse Collar
18:19 Gold Mining
18:15 Man-at-Arms
18:40 Gambesons
18:41 Arson
18:56 Squires
19:33 Bow Saw
19:54 Heavy Plow
20:03 Long Swordsman
22:57 Scale Mail Armor
28:26 Chain Mail Armor
28:22 Forging
34:25 Imperial Age
34:31 Stone Mining
34:29 Two-Handed Swordsman
35:56 Fortified Wall
38:55 Plate Mail Armor
39:01 Iron Casting
39:08 Gold Shaft Mining
40:14 Two-Man Saw
39:46 Crop Rotation
40:45 Chemistry
40:33 Champion
43:16 Blast Furnace
42:31 Chieftains
42:56 Conscription
43:05 Fletching
43:08 Onager
48:32 Hoardings
48:35 Town Watch
53:24 Elite Berserk
53:51 Heavy Scorpion
55:21 Bodkin Arrow
55:49 Ballistics
55:26 Murder Holes
55:12 Treadmill Crane
63:39 Caravan
64:10 Coinage
3405514463
8:46 Double-Bit Axe
8:44 Horse Collar
10:59 Wheelbarrow
13:54 Feudal Age
12:24 Gold Mining
12:59 Stone Mining
14:53 Hand Cart
19:34 Castle Age
17:53 Heavy Plow
18:28 Bow Saw
40:34 Loom
42:01 Crop Rotation
44:40 Gold Shaft Mining
44:44 Stone Shaft Mining
47:20 Imperial Age
46:12 Two-Man Saw
45:05 Treadmill Crane
46:19 Cavalier
47:04 Husbandry
48:19 Scale Barding Armor
48:25 Forging
48:02 Paladin
49:53 Burgundian Vineyards
50:09 Conscription
51:20 Chain Barding Armor
51:36 Iron Casting
51:10 Elite Skirmisher
54:35 Padded Archer Armor
54:26 Fletching
57:41 Plate Barding Armor
58:07 Blast Furnace
58:27 Fletching
59:11 Leather Archer Armor
59:04 Bodkin Arrow
60:30 Ballistics
61:11 Chemistry
61:27 Bracer
64:55 Light Cavalry
66:01 Hussar
73:53 Blast Furnace
Uruz_7
3:28 Loom
10:51 Feudal Age
11:36 Double-Bit Axe
16:40 Castle Age
19:17 Gold Mining
24:12 Caravan
25:29 Husbandry
31:19 Imperial Age
29:03 Forging
32:44 Conscription
31:47 Elite Mangudai
32:56 Ballistics
32:30 Fletching
32:41 Padded Archer Armor
32:55 Bloodlines
34:11 Drill
35:35 Bodkin Arrow
35:51 Scale Barding Armor
37:36 Onager
39:01 Wheelbarrow
39:33 Elite Steppe Lancer
42:31 Town Watch
44:43 Masonry
44:44 Fortified Wall
45:35 Chemistry
46:06 Iron Casting
54:51 Siege Engineers
54:50 Bracer
55:51 Blast Furnace
55:12 Chain Barding Armor
55:08 Leather Archer Armor
66:52 Scale Mail Armor
66:54 Siege Onager
70:30 Light Cavalry
不務正業護理斯
10:52 Feudal Age
14:26 Castle Age
12:09 Horse Collar
12:15 Double-Bit Axe
16:35 Loom
22:00 Forging
22:45 Loom
24:07 Wheelbarrow
28:12 Scale Barding Armor
28:53 Bloodlines
28:45 Husbandry
32:06 Imperial Age
29:36 Town Watch
30:16 Gold Mining
31:15 Bow Saw
33:27 Hand Cart
33:18 Stone Mining
34:01 Heavy Plow
34:53 Caravan
35:55 Stone Shaft Mining
36:06 Chain Barding Armor
36:21 Iron Casting
35:35 Cavalier
39:28 Chemistry
38:49 Ballistics
39:00 Crop Rotation
39:59 Blast Furnace
39:35 Plate Barding Armor
40:23 Conscription
41:07 Two-Man Saw
40:11 Savar
42:46 Light Cavalry
49:29 Gold Shaft Mining
49:43 Plate Barding Armor
49:10 Padded Archer Armor
50:15 Kamandaran
51:28 Murder Holes
51:25 Heated Shot
51:47 Masonry
51:16 Hussar
53:05 Fletching
53:30 Leather Archer Armor
64:53 Bodkin Arrow
65:29 Ring Archer Armor
64:37 Crossbowman
65:22 Thumb Ring
68:25 Capped Ram
72:37 Scale Mail Armor
73:24 Architecture
Wick
0:46 Loom
12:10 Feudal Age
13:10 Town Watch
16:21 Castle Age
14:19 Double-Bit Axe
15:54 Fletching
16:55 Crossbowman
19:59 Town Watch
25:14 Padded Archer Armor
27:58 Wheelbarrow
30:38 Bodkin Arrow
31:48 Treadmill Crane
32:24 Leather Archer Armor
33:57 Bow Saw
33:28 Horse Collar
38:09 Imperial Age
36:20 Stone Mining
36:20 Gold Mining
37:21 Pikeman
38:01 Squires
38:38 Coinage
39:02 Yeomen
38:53 Bracer
39:57 Chemistry
38:26 Man-at-Arms
38:51 Gambesons
40:38 Ring Archer Armor
40:19 Forging
40:09 Scale Mail Armor
40:58 Conscription
40:45 Arbalester
41:44 Hand Cart
41:20 Long Swordsman
42:50 Iron Casting
42:34 Arson
42:29 Two-Handed Swordsman
43:29 Chain Mail Armor
43:53 Champion
46:26 Two-Man Saw
45:58 Plate Mail Armor
48:07 Blast Furnace
47:13 Scale Barding Armor
46:52 Elite Skirmisher
48:43 Guard Tower
49:13 Ballistics
49:04 Masonry
51:34 Keep
51:05 Siege Engineers
52:07 Fortified Wall
52:26 Chain Barding Armor
51:51 Onager
53:26 Heavy Plow
55:08 Capped Ram
56:50 Plate Barding Armor
67:05 Caravan
67:56 Warwolf
70:22 Elite Longbowman
Connection lost

Rejoining the realm…

Still unreachable

The connection could not be restored.

Session expired

The server has moved on; the page needs a fresh start.